 Dungeon Crawl Stone Soup version 0.28.0-45-g0d030f2227 (webtiles) character file.

Game seed: 10399054647321463170

10 protoss039 the Digger (level 2, -3/21 HPs)
             Began as a Demonspawn Earth Elementalist on May 30, 2022.
             Slain by a kobold
             ... wielding a +2 dagger of protection
              (5 damage)
             ... on level 1 of the Dungeon.
             The game lasted 00:00:47 (752 turns).

protoss039 the Digger (DsEE)                         Turns: 752, Time: 00:00:48

Health: -3/21      AC:  2    Str:  8    XL:     2   Next: 10%
Magic:  5/5        EV: 12    Int: 16    God:
Gold:   8          SH:  0    Dex: 13    Spells: 4/5 levels left

rFire   . . .      SeeInvis .   h - +0 dagger
rCold   . . .      Faith    .   (no shield)
rNeg    . . .      Spirit   .   b - +0 robe
rPois   .          Reflect  .   (no helmet)
rElec   .          Harm     .   (no cloak)
rCorr   .          Rampage  .   (no gloves)
Will    .....                   (no boots)
Stlth   ++........              (no amulet)
HPRegen 0.07/turn               a - ring of flight
MPRegen 0.09/turn               (no ring)

@: flying
A: demonic guardian 1
a: no special abilities


You were on level 1 of the Dungeon.
You visited 1 branch of the dungeon, and saw 1 of its levels.

You collected 8 gold pieces.

Inventory:

Hand Weapons
 h - a +0 dagger (weapon)
Missiles
 c - 72 stones
Armour
 b - a +0 robe (worn)
Jewellery
 a - a ring of flight (left hand)
Scrolls
 d - a scroll of teleportation {unknown}
 e - a scroll of blinking {unknown}
 f - a scroll of identify {unknown}


   Skills:
 * Level 1.0 Fighting
 + Level 0.4 Armour
 - Level 1.7 Dodging
 - Level 1.7 Stealth
 + Level 2.1 Spellcasting
 - Level 1.0 Transmutations
 + Level 2.8 Earth Magic


You had 4 spell levels left.
You knew the following spells:

 Your Spells              Type           Power      Damage    Failure   Level
a - Sandblast             Erth           20%        2d7       6%          1

Your spell library contained the following spells:

 Spells                   Type           Power      Damage    Failure   Level
 Passwall                 Tmut/Erth      5%         N/A       14%         2
 Stone Arrow              Conj/Erth      12%        3d7       34%         3
 Petrify                  Tmut/Erth      7%         N/A       67%         4


Dungeon Overview and Level Annotations

Branches:
Dungeon (1/15)

Altars:

Shops:
D:1 !


Innate Abilities, Weirdness & Mutations

A weak demonic guardian rushes to your aid.


Message History

You hit the kobold but do no damage. The rat barely misses you.
The kobold barely misses you.
Unknown command.
You barely miss the kobold. The rat bites you but does no damage.
The kobold closely misses you.
Unknown command.
You barely miss the kobold. The rat barely misses you.
The kobold hits you with a +2 dagger of protection.
Unknown command.
You hit the kobold but do no damage. The rat misses you.
The hobgoblin hits you but does no damage.
The kobold barely misses you.
Unknown command.
You completely miss the kobold. The rat closely misses you.
The hobgoblin closely misses you. The kobold barely misses you.
Unknown command.
You hit the kobold but do no damage. The rat closely misses you.
The hobgoblin barely misses you. The kobold completely misses you.
Unknown command.
You hit the kobold but do no damage. The rat barely misses you.
The kobold hits you with a +2 dagger of protection.
The hobgoblin misses you.
Unknown command.
You closely miss the kobold. The rat bites you but does no damage.
The hobgoblin hits you. The kobold barely misses you.
Unknown command.
You are too injured to fight recklessly!
You are too injured to fight recklessly!
You are too injured to fight recklessly!
You hit the kobold but do no damage. The rat misses you.
The hobgoblin misses you. The kobold closely misses you.
You barely miss the kobold. The rat misses you. The hobgoblin hits you.
* * * LOW HITPOINT WARNING * * *
A demonic guardian appears!
The kobold hits you with a +2 dagger of protection.
* * * LOW HITPOINT WARNING * * *
You hit the kobold but do no damage. The rat completely misses you.
The hobgoblin misses you.
The kobold hits you with a +2 dagger of protection.
You die...

.......#..####....# #....#
.....###....#....#######†##.#
######.....##....###.....# .#
.........###....##....#### .#
......####.....##.....# .#
#######.......####....# ..
...........#### ##....# ..
........#### ####.5...#
######### #Kr@.....#
#....#Kg#...# .....
.......... .... ....#...###
... ..####.∩... .. ... ######
. .... ....


You could see a hobgoblin (ally target), 2 kobolds, a rat and a friendly iron
imp (summoned).

Vanquished Creatures
  A ball python (D:1)
  2 endoplasms (D:1)
  2 quokkas (D:1)
  2 bats (D:1)
  A frilled lizard (D:1)
  A goblin (D:1)
  A kobold (D:1)
10 creatures vanquished.

Notes
Turn   | Place    | Note
-------+----------+-------------------------------------------
     0 | D:1      | protoss039 the Demonspawn Earth Elementalist began the
                  | quest for the Orb.
     0 | D:1      | Reached XP level 1. HP: 13/13 MP: 3/3
   223 | D:1      | Reached skill level 1 in Transmutations
   581 | D:1      | Gained mutation: A weak demonic guardian rushes to your
                  | aid. [demonic ancestry]
   581 | D:1      | Reached XP level 2. HP: 11/20 MP: 3/5
   730 | D:1      | Found Vym Efir's Distillery.
   739 | D:1      | Reached skill level 1 in Fighting
   752 | D:1      | Slain by a kobold

Illustrated notes

Levels and vault maps discovered:
D:1:      dpeg_arrival_circle_labyrinth_c, layout_rooms, serial_shops, shop,
          grunt_decor_cap, minmay_split_cup_large

Skill      XL: |  1  2 |
---------------+-------+-----
Transmutations | 1 |  1.0
Fighting       | 1 |  1.0
Armour         | |  0.4
Dodging        | |  1.7
Stealth        | |  1.7
Spellcasting   | |  2.1
Earth Magic    | |  2.8

Action                   || total
-------------------------++-------
Melee: Dagger            ||    36
       Club              ||     3
       Unarmed           ||     2
       Punch             ||     1
 Cast: Sandblast         ||     6
 Stab: Sleeping          ||     2
Armor: Robe              ||     9
Dodge: Dodged            ||    51
